 Dungeon Crawl Stone Soup version 0.26.1-11-gd32895ea62 (webtiles) character file.

Game seed: 15832480366863061512

207 seveneves the Covered (level 5, -1/47 HPs)
             Began as a Minotaur Fighter on July 22, 2021.
             Slain by Sigmund
             ... wielding a +0 scythe
              (5 damage)
             ... on level 3 of the Dungeon.
             The game lasted 00:08:59 (1524 turns).

seveneves the Covered (Minotaur Fighter)            Turns: 1524, Time: 00:09:00

Health: -1/47      AC:  7    Str: 22    XL:     5   Next: 54%
Magic:  4/4        EV: 12    Int:  5    God:
Gold:   94         SH: 14    Dex:  9    Spells: 4/4 levels left

rFire    . . .     SeeInvis .   a - +0 flail
rCold    . . .     Faith    .   c - +0 kite shield
rNeg     . . .     Spirit   .   b - +0 scale mail
rPois    +         Reflect  +   (helmet restricted)
rElec    .         Harm     .   (no cloak)
rCorr    .         Rampage  .   (no gloves)
Will     .....     Rnd*Rage +   (no boots)
Stlth    ..........             g - amulet of reflection
HPRegen  0.15/turn              i - ring of poison resistance
MPRegen  0.09/turn              s - +4 ring of evasion

@: mighty
A: retaliatory headbutt, horns 2, talons 1, berserk 1
a: no special abilities


You were on level 3 of the Dungeon.
You visited 1 branch of the dungeon, and saw 3 of its levels.

You collected 94 gold pieces.

Inventory:

Hand Weapons
 a - a +0 flail (weapon)
 k - a +2 vampiric hand axe
 q - a +1 battleaxe of flaming
Armour
 b - a +0 scale mail (worn)
 c - a +0 kite shield (worn)
Jewellery
 g - an amulet of reflection (around neck)
 i - a ring of poison resistance (left hand)
 s - a +4 ring of evasion (right hand)
Scrolls
 f - a scroll of enchant armour {unknown}
 o - a scroll of amnesia
 r - a scroll of teleportation {unknown}
 t - a scroll of immolation {unknown}
Potions
 e - a potion of flight {unknown}
 m - a potion of degeneration {unknown}
 n - a potion of heal wounds {unknown}


   Skills:
 + Level 4.3 Fighting
 + Level 4.5 Maces & Flails
 + Level 4.9 Armour
 + Level 0.7 Dodging
 + Level 4.8 Shields


You had 4 spell levels left.
You didn't know any spells.
Your spell library was empty.

Dungeon Overview and Level Annotations

Branches:
Dungeon (3/15)

Altars:
Elyvilon
The Shining One

Annotations:
D:3 Sigmund


Innate Abilities, Weirdness & Mutations

You reflexively headbutt those who attack you in melee.
You have a pair of horns on your head.
You have sharp toenails.
You tend to lose your temper in combat.


Message History

The bat hits you but does no damage.
You are too injured to fight recklessly!
You are too injured to fight recklessly!
You are too injured to fight recklessly!
You sock the bat!
You kill the bat!
Something hits you.
* * * LOW HITPOINT WARNING * * *
You block the hobgoblin's attack.
You bludgeon the hobgoblin!!
You kill the hobgoblin!
You bludgeon the dart slug!!
You kill the dart slug!
Something hits you!
* * * LOW HITPOINT WARNING * * *
Something hits you but does no damage.
Things that are here:
a +0 club; a dart slug corpse; a frilled lizard corpse You miss something.
Your kick misses something. Something hits you.
You die...

. # .###. ..### ....
##.... #<.# #.... #..
#...# #####.{#### #...#
.......@..###<..#
#.###.##$...#.#.#######
# ###......#.....##
#.####.............#
....................
..................<.
..#......†......... ?
##...............
#.....†.........


There were no monsters in sight!

Vanquished Creatures
  An ogre (D:3)
  Crazy Yiuf (D:2)
  An iguana (D:2)
  A gnoll (D:1)
  An adder (D:3)
  2 worms (D:2)
  A dart slug (D:3)
  3 giant cockroaches
  3 goblins
  7 hobgoblins
  3 kobolds
  A quokka (D:3)
  A ball python (D:1)
  5 bats
  8 frilled lizards
  6 rats (D:1)
45 creatures vanquished.

Vanquished Creatures (others)
  4 fungi (D:2)
4 creatures vanquished.

Grand Total: 49 creatures vanquished

Notes
Turn   | Place    | Note
-------+----------+-------------------------------------------
     0 | D:1      | seveneves the Minotaur Fighter began the quest for the Orb.
     0 | D:1      | Reached XP level 1. HP: 19/19 MP: 0/0
    98 | D:1      | Reached XP level 2. HP: 20/27 MP: 1/1
   684 | D:2      | Found a glowing golden altar of the Shining One.
   701 | D:2      | Reached XP level 3. HP: 31/33 MP: 2/2
   759 | D:2      | Found a white marble altar of Elyvilon.
  1078 | D:2      | Reached XP level 4. HP: 8/40 MP: 3/3
  1120 | D:2      | Gained mutation: You tend to lose your temper in combat.
                  | [potion of mutation]
  1120 | D:2      | Gained mutation: You have sharp toenails. [potion of
                  | mutation]
  1224 | D:2      | Found a runed translucent door.
  1225 | D:2      | Noticed Crazy Yiuf
  1233 | D:2      | Killed Crazy Yiuf
  1473 | D:3      | Noticed an ogre
  1480 | D:3      | Killed an ogre
  1481 | D:3      | Reached XP level 5. HP: 32/47 MP: 4/4
  1506 | D:3      | Noticed Sigmund
  1524 | D:3      | Slain by Sigmund

Illustrated notes

Levels and vault maps discovered:
D:1:      dpeg_arrival_ratfight, layout_basic
D:2:      layout_basic, tso_metal_star, elyvilon_altar_1,
          uniq_crazy_yiuf_cottage
D:3:      layout_rooms, cheibriados_altar_1, uniq_terence, uniq_sigmund

Skill      XL: |  1  2  3  4 |
---------------+-------------+-----
Fighting       | 4 |  4.3
Shields        | 4 |  4.8
Armour         | 4 |  4.9
Maces & Flails | 3 4 |  4.5
Dodging        | |  0.7

Action                   |  1- 3 |  4- 6 || total
-------------------------+-------+-------++-------
Melee: Flail             |    90 |    38 ||   128
       Headbutt          |    17 |     6 ||    23
       Kick              |       |     7 ||     7
  Use: Scroll            |     2 |     4 ||     6
       Potion            |       |     4 ||     4
Armor: Scale mail        |    17 |     9 ||    26
Dodge: Dodged            |    13 |    14 ||    27
Block: Kite shield       |    41 |    36 ||    77
